 Dungeon Crawl Stone Soup version 0.28-a0-899-gf2b78a14d2 (webtiles) character file.

Game seed: 1196133968819537112

17 Gargoyl the Skirmisher (level 2, -1/29 HPs)
             Began as a Gnoll Abyssal Knight on Nov 23, 2021.
             Was a Follower of Lugonu.
             Frozen to death by an endoplasm (3 damage)
             ... on level 1 of the Dungeon.
             The game lasted 00:01:23 (1011 turns).

Gargoyl the Skirmisher (Gnoll Abyssal Knight)       Turns: 1011, Time: 00:01:23

Health: -1/29      AC:  9    Str: 12    XL:     2   Next: 62%
Magic:  5/5        EV:  6    Int:  9    God:    Lugonu [*.....]
Gold:   17         SH:  0    Dex: 12    Spells: 2/2 levels left

rFire   . . .      SeeInvis .   a - +1 hand axe
rCold   . . .      Faith    .   (no shield)
rNeg    . . .      Spirit   .   e - +0 chain mail
rPois   .          Reflect  .   (no helmet)
rElec   .          Harm     .   (no cloak)
rCorr   .          Rampage  .   (no gloves)
Will    .....                   (no boots)
Stlth   ..........              (no amulet)
HPRegen 0.09/turn               (no ring)
MPRegen 0.09/turn               (no ring)

@: no status effects
A: fangs 1, strong nose, distributed training
a: Renounce Religion, Depart the Abyss


You were on level 1 of the Dungeon.
You worshipped Lugonu.
Lugonu was aware of your devotion.
You visited 1 branch of the dungeon, and saw 1 of its levels.
You visited the Abyss 1 time.

You collected 17 gold pieces.

Inventory:

Hand Weapons
 a - a +1 hand axe (weapon)
Armour
 b - a +0 leather armour
 e - a +0 chain mail (worn)
Scrolls
 c - a scroll of identify {unknown}


   Skills:
 + Level 6.5 Fighting
 + Level 0.5 Short Blades
 + Level 0.5 Long Blades
 + Level 4.5 Axes
 + Level 0.5 Maces & Flails
 + Level 0.5 Polearms
 + Level 0.5 Staves
 + Level 0.5 Slings
 + Level 0.5 Bows
 + Level 0.5 Crossbows
 + Level 0.5 Throwing
 + Level 4.5 Armour
 + Level 2.5 Dodging
 + Level 0.5 Stealth
 + Level 0.5 Shields
 + Level 0.5 Unarmed Combat
 + Level 0.5 Spellcasting
 + Level 0.3 Conjurations
 + Level 0.3 Hexes
 + Level 0.3 Summonings
 + Level 0.3 Necromancy
 + Level 0.3 Translocations
 + Level 0.3 Transmutations
 + Level 0.3 Fire Magic
 + Level 0.3 Ice Magic
 + Level 0.3 Air Magic
 + Level 0.3 Earth Magic
 + Level 0.3 Poison Magic
 + Level 4.5 Invocations
 + Level 0.5 Evocations


You had 2 spell levels left.
You didn't know any spells.
Your spell library was empty.

Dungeon Overview and Level Annotations

Branches:
Dungeon (1/15)

Altars:


Innate Abilities, Weirdness & Mutations

You have very sharp teeth.
Your uncanny sense of smell can sniff out nearby items.
Your experience applies equally to all skills.


Message History

Found a spear.
Things that are here:
a +2 short sword of speed; a stone; a kobold corpse A quokka and an endoplasm come into view.
The endoplasm quivers.
There are monsters nearby!
There are monsters nearby!
The quokka bites you. The endoplasm freezes you.
You are frozen.
You hit the quokka.
The quokka is severely wounded.
You hit the endoplasm. The quokka barely misses you. The endoplasm freezes you.
You are frozen.
The quokka bites you but does no damage.
Unknown command.
You barely miss the quokka.
The quokka is severely wounded.
Your chain mail prevents you from hitting the endoplasm.
The endoplasm freezes you.
You are frozen.
The quokka bites you but does no damage.
You slash the quokka!
You kill the quokka!
Lugonu accepts your kill.
You hit the endoplasm. The endoplasm freezes you.
You are frozen.
The endoplasm freezes you.
You are frozen.
* * * LOW HITPOINT WARNING * * *
You see here a quokka corpse.
The endoplasm freezes you.
You are frozen.
* * * LOW HITPOINT WARNING * * *
Unknown command.
The endoplasm freezes you.
You are frozen.
You die...

. # . # . ##.
##. #.#..
###.# #.#.#
∆#...####
#####.#.#
......
......... #..#
......... #.@#
#####.#.. #†J#
#.... #..#
#.... #..## #
#.###
###...##.# #.
#.#......# #.
#.###.########
#.
#...).....)...
..
#.####.##+###
# ## ##


You could see an endoplasm.

Vanquished Creatures
  A dart slug (D:1)
  2 ball pythons (D:1)
  2 endoplasms (D:1)
  A giant cockroach (D:1)
  2 hobgoblins (D:1)
  2 quokkas (D:1)
  3 kobolds (D:1)
13 creatures vanquished.

Notes
Turn   | Place    | Note
-------+----------+-------------------------------------------
     0 | Abyss:1  | Gargoyl the Gnoll Abyssal Knight began the quest for the
                  | Orb.
     0 | Abyss:1  | Reached XP level 1. HP: 23/23 MP: 3/3
    26 | Abyss:2  | Noticed a blizzard demon
    58 | Abyss:2  | Noticed a raiju
    62 | D:1      | Escaped the Abyss
   761 | D:1      | Reached XP level 2. HP: 29/29 MP: 5/5
   904 | D:1      | Reached * piety under Lugonu
  1011 | D:1      | Frozen to death by an endoplasm

Illustrated notes

Levels and vault maps discovered:
D:1:      minmay_arrival_nine_rooms, layout_basic,
          hellmonk_ecumenical_altar_defaced_shrine

Action                   || total
-------------------------++-------
Melee: Hand axe          ||    48
       Bite              ||     2
Invok: Depart the Abyss  ||     1
  Use: Scroll            ||     2
Armor: Chain mail        ||    22
Dodge: Dodged            ||    20

Table legend: (Time is in decaauts)
 A = Elapsed time spent in this place.
 B = Non-inter-level travel time spent in this place.
 C = Inter-level travel time spent in this place.
 D = Time resting spent in this place.
 E = Time spent auto-exploring this place.
 F = Levels seen in this place.
 G = Mean time per level.
                   A        B        C        D        E       F      G
               +--------+--------+--------+--------+--------+-----+--------+
         Total |   1014 |   1014 |      0 |      0 |    853 |   3 |  338.0 |
       Dungeon |    952 |    952 |      0 |      0 |    835 |   1 |  952.0 |
         Abyss |     61 |     61 |      0 |      0 |     18 |   2 |   30.5 |
               +--------+--------+--------+--------+--------+-----+--------+

Top non-repeatable levels by time:
     D:1: 952 daAuts
 Abyss:2: 47 daAuts
 Abyss:1: 14 daAuts
